 Dungeon Crawl Stone Soup version 0.27.0-1-g7a089689b8 (webtiles) character file.

Game seed: 2909914295061542897

148614 Smaepdii the Minotaur Blade (level 16, -4/146 HPs)
             Began as a Minotaur Berserker on Aug 5, 2021.
             Was a High Priest of Trog.
             Killed by divine providence
             ... invoked by a smoke demon
              (13 damage)
             ... on level 3 of the Abyss.
             The game lasted 01:56:47 (32032 turns).

Smaepdii the Minotaur Blade (Minotaur Berserker)   Turns: 32032, Time: 01:56:48

Health: -4/146     AC: 27    Str: 28    XL:     16   Next: 94%
Magic:  0/15       EV: 10    Int:  5    God:    Trog [*****.]
Gold:   2116       SH:  0    Dex: 18    Spells: 15/15 levels left

rFire    + . .     SeeInvis .   a - +7 triple sword (drain)
rCold    . . .     Faith    .   (shield currently unavailable)
rNeg     . . .     Spirit   +   v - +0 plate armour
rPois    .         Reflect  .   (helmet restricted)
rElec    .         Harm     .   y - +2 cloak
rCorr    +         Rampage  .   g - +2 pair of gloves
Will     ++...                  h - +2 pair of boots of Wofis {Fly}
Stlth    ..........             U - amulet of Insomnia {Spirit Str+5}
HPRegen  0.34/turn              X - ring of the Octopus King {rCorr AC+1 EV+1 Str+1 Int+1 Dex+1}
MPRegen  0.14/turn              q - ring of Medad {rF+ Will+}

@: on berserk cooldown, flying, slowed, very slow
A: horns 2, retaliatory headbutt
a: Renounce Religion, Berserk, Trog's Hand, Brothers in Arms


You were on level 3 of the Abyss.
You worshipped Trog.
Trog was extremely pleased with you.
You visited 4 branches of the dungeon, and saw 24 of its levels.
You visited the Abyss 1 time.
You also visited: Sewer and Bailey.

You collected 2402 gold pieces.
You spent 286 gold pieces at shops.

Inventory:

Hand Weapons
 a - a +7 triple sword of draining (weapon)
 b - the +5 dagger of Nimionuk {drain, Will++}
   (You found it on level 8 of the Dungeon)

   A truly terrible weapon, it drains the life of any living foe it strikes.
   Will:      It greatly increases your willpower.
 G - a +4 vampiric great sword
Missiles
 c - 2 throwing nets
Armour
 g - a +2 pair of gloves (worn)
 h - the +2 pair of boots of Wofis (worn) {Fly}
   (You bought it in a shop on level 6 of the Dungeon)

   Fly:       It grants you flight.
 r - a scarf of invisibility
 v - a +0 plate armour (worn)
 y - a +2 cloak (worn)
Jewellery
 q - the ring of Medad (right hand) {rF+ Will+}
   (You acquired it on level 15 of the Dungeon)

   [ring of protection from fire]

   rF:        It protects you from fire.
   Will:      It increases your willpower.
 w - a ring of positive energy
 z - a ring of fire
 L - a ring of flight
 M - an amulet of faith
 S - a ring of see invisible
 U - the amulet of Insomnia (around neck) {Spirit Str+5}
   (You found it on level 5 of the Lair of Beasts)

   [amulet of guardian spirit]

   It causes incoming damage to be divided between your reserves of health and
   magic.
   Str:       It affects your strength (+5).
 X - a ring of the Octopus King (left hand) {rCorr AC+1 EV+1 Str+1 Int+1 Dex+1}
   (You found it on level 6 of the Lair of Beasts)

   [ring of resist corrosion]

   AC:        It affects your AC (+1).
   EV:        It affects your evasion (+1).
   Str:       It affects your strength (+1).
   Int:       It affects your intelligence (+1).
   Dex:       It affects your dexterity (+1).
   rCorr:     It protects you from acid and corrosion.
 Z - a ring of resist corrosion
Wands
 f - a wand of acid (15) (quivered)
 l - a wand of polymorph (15)
 o - a wand of paralysis (2)
 t - a wand of iceblast (25)
 F - a wand of flame (34)
Scrolls
 d - a scroll of immolation
 i - 2 scrolls of fear
 x - 5 scrolls of teleportation
 B - a scroll of magic mapping
 H - a scroll of enchant armour
 K - 5 scrolls of identify
 R - a scroll of fog
 V - 3 scrolls of silence
Potions
 e - 5 potions of mutation
 j - a potion of lignification
 k - 4 potions of flight
 m - 3 potions of brilliance
 n - 6 potions of attraction
 s - 4 potions of haste
 u - 2 potions of resistance
 A - 5 potions of invisibility
 D - a potion of might
 T - 3 potions of curing
Miscellaneous
 W - a piece from Xom's chessboard (15/15)
 Y - a condenser vane


   Skills:
 * Level 14.2 Fighting
 - Level 24.0 Long Blades
 + Level 13.5 Armour
 - Level 2.1 Dodging
 + Level 8.9 Evocations


You had 15 spell levels left.
You didn't know any spells.
Your spell library was empty.

Dungeon Overview and Level Annotations

Branches:
Dungeon (15/15)            Temple (1/1) D:6            Lair (6/6) D:8
  Swamp (0/4) Lair:2        Snake (0/4) Lair:4        Slime (0/5) Lair:6
    Orc (2/2) D:9             Elf (0/3) Orc:2        Vaults (0/5) D:14
  Sewer (visited)          Bailey (visited)
 Depths: D:15

Altars:
Ashenzari
Cheibriados
Dithmenos
Elyvilon
Fedhas
Gozag
Hepliaklqana
Kikubaaqudgha
Makhleb
Nemelex Xobeh
Okawaru
Qazlal
Ru
Sif Muna
Trog
Uskayaw
Vehumet
Wu Jian
Xom
Yredelemnul
Zin
The Shining One
Beogh

Shops:
D:6 *   D:8 *   D:14 (   Orc:2 !:(

Annotations:
Lair:1 exclusion: oklob plant
Lair:5 exclusion: 3 oklob plants


Innate Abilities, Weirdness & Mutations

You have a pair of horns on your head.
You reflexively headbutt those who attack you in melee.


Message History

A chorus of shrieks assaults your mind. The small abomination hits you!
* * * LOW HITPOINT WARNING * * *
The vampire hits you but does no damage.
The vampire bites you.
* * * LOW HITPOINT WARNING * * *
The vampire draws strength from your injuries!
You hit the vampire but do no damage.
A starcursed mass splits.
The small abomination hits you!
* * * LOW HITPOINT WARNING * * *
The raiju is engulfed in blazing flames.
A starcursed mass splits.
A chorus of shrieks assaults your mind.
* * * LOW HITPOINT WARNING * * *
The vampire hits you but does no damage.
The vampire bites you but does no damage.
Blink to where?
Press: ? - help, Dir - move target
As you read the scroll of blinking, it crumbles to dust.
The chaos spawn is engulfed in blazing flames.
The large abomination is engulfed in blazing flames.
The raiju bursts into living lightning!
The living lightning hits you!
* * * LOW HITPOINT WARNING * * *
The raiju blinks!
A starcursed mass splits.
A chorus of shrieks assaults your mind.
* * * LOW HITPOINT WARNING * * *
A smoke demon comes into view.
You feel better.
The smoke demon roars!
The raiju barely misses you. You furiously retaliate!
You headbutt the raiju.
A starcursed mass comes into view.
The raiju barely misses you.
You riposte.
You slash the raiju!
The raiju is almost dead.
You slice the raiju!!
You kill the raiju!
Trog accepts your kill. The smoke demon gestures at you. Something smites you!
You die...

## #.§ #### §.##.
## . #.☼## ..#..#.
.. #R#☼#§§.#.#. ..
#..V#.x##..#.####
.
..X#X#..#§#...#§.#
###.XX..###.§.3..#
#X###.4..@.#
#.#.##X.###§§
.#..#.#.#.##.§
####X..#....# #
#.....#.#.#.
.##.#.##....# #
.#...#.###..# ##
....##.. .#


You could see 3 starcursed masses, a large abomination, a smoke demon and a
chaos spawn.

Vanquished Creatures
  Frances (D:12)
  Erolcha (Orc:2)
  4 ogre magi
  A vault guard (D:14)
  10 hydras
  A merfolk avatar (Lair:6)
  5 centaur warriors
  3 boulder beetles
  6 two-headed ogres
  A catoblepas (Lair:2)
  A death knight (D:12)
  A deep troll earth mage (D:15)
  5 death yaks
  2 thrashing horrors (Abyss:3)
  An orc high priest (Bailey)
  A large abomination (Abyss:3)
  A wretched star (Abyss:3)
  2 skeletal warriors (D:14)
  A goliath frog (shapeshifter) (D:14)
  A sea snake (Lair:6)
  A sixfirhy (Abyss:3)
  A flayed ghost (D:15)
  Pikel (D:5)
  2 bog bodies (Lair:2)
  A lindwurm (Lair:2)
  A phantasmal warrior (D:11)
  8 orc sorcerers
  4 orc knights
  2 harpies (Lair:6)
  A wolf spider (D:15)
  A wizard (D:15)
  9 ugly things (D:14)
  A manticore (D:12)
  8 cyclopes
  6 black mambas
  18 elephants
  An unseen horror (D:13)
  A cane toad (shapeshifter) (D:15)
  16 cane toads
  3 freezing wraiths
  Maggie (D:8)
  6 komodo dragons
  An efreet (D:14)
  A yaktaur (D:15)
  A kobold demonologist (Bailey)
  7 rime drakes
  An ancient zyme (Abyss:3)
  A hellwing (Abyss:3)
  A jumping spider (shapeshifter) (D:13)
  8 polar bears
  4 trolls
  A queen bee (shapeshifter) (D:13)
  2 hornets
  A merfolk (shapeshifter) (D:12)
  Grinder (D:4)
  12 raiju (Abyss:3)
  23 blink frogs
  A shadow (D:12)
  4 wraiths
  3 starcursed masses (Abyss:3)
  71 yaks
  A vampire (D:14)
  5 wyverns
  4 basilisks
  7 vampire mosquitoes
  3 steam dragons
  3 wargs
  An acid dragon (D:9)
  A naga (Lair:4)
  22 water moccasins
  3 black bears
  A sky beast (D:5)
  4 ice beasts
  18 orc warriors
  A necrophage (D:6)
  4 wolves (Lair:3)
  6 ogres
  The ghost of dtburroughs the Skirmisher, an amateur GrBe of Trog (D:3)
  4 centaurs
  A phantom (D:6)
  Blork the orc (D:4)
  A kobold brigand (D:6)
  13 bullfrogs
  A wyvern zombie (D:6)
  2 scorpions (D:6)
  41 killer bees
  7 electric eels
  A howler monkey (D:7)
  3 wights (D:8)
  3 vampire bats (D:9)
  4 lava snakes (D:9)
  4 jellies
  Crazy Yiuf (D:4)
  8 orc priests
  4 hounds
  An iron imp (Abyss:3)
  A gnoll shaman (D:9)
  3 iguanas
  26 orc wizards
  12 gnolls
  9 adders
  A howler monkey skeleton (D:7)
  3 white imps
  An ufetubus (D:4)
  4 worms
  3 dart slugs
  45 orcs
  4 bat zombies (D:9)
  5 endoplasms
  12 giant cockroaches
  22 goblins
  11 hobgoblins
  5 jackals
  8 kobolds
  8 quokkas
  15 ball pythons
  3 bats
  6 frilled lizards
  7 rats
685 creatures vanquished.

Vanquished Creatures (collateral kills)
  Jorgrun (D:13)
  A death knight (D:14)
  A skeletal warrior (D:14)
  3 yaks (Lair:1)
6 creatures vanquished.

Vanquished Creatures (others)
  An ogre mage (D:15)
  Maurice (D:8)
  A starcursed mass (Abyss:3)
  An orc (Bailey)
  44 fungi
  71 plants
119 creatures vanquished.

Grand Total: 810 creatures vanquished

Notes
Turn   | Place    | Note
-------+----------+-------------------------------------------
     0 | D:1      | Smaepdii the Minotaur Berserker began the quest for the
                  | Orb.
     0 | D:1      | Reached XP level 1. HP: 19/19 MP: 0/0
    31 | D:1      | Reached skill level 4 in Long Blades
    74 | D:1      | Reached XP level 2. HP: 6/26 MP: 1/1
  1033 | D:1      | Reached skill level 5 in Long Blades
  1141 | D:1      | Reached XP level 3. HP: 31/31 MP: 2/2
  1151 | D:1      | Reached ** piety under Trog
  1742 | D:2      | Found a faded altar of an unknown god.
  1935 | D:2      | Reached XP level 4. HP: 39/39 MP: 3/3
  1963 | D:2      | Reached skill level 6 in Long Blades
  2753 | D:3      | Reached XP level 5. HP: 38/45 MP: 4/4
  2826 | D:3      | Reached skill level 7 in Long Blades
  2827 | D:3      | Noticed a black bear
  2867 | D:3      | Killed a black bear
  3117 | D:3      | Reached skill level 8 in Long Blades
  3305 | D:3      | Reached XP level 6. HP: 46/51 MP: 5/5
  3391 | D:3      | Noticed dtburroughs's ghost (amateur GrBe)
  3399 | D:3      | Found a runed translucent gate.
  3399 | D:3      | Found a runed translucent gate.
  3399 | D:3      | Found a runed translucent gate.
  3445 | D:3      | Killed dtburroughs's ghost
  3730 | D:4      | Noticed Grinder
  3739 | D:4      | Killed Grinder
  3740 | D:4      | Reached skill level 9 in Long Blades
  3740 | D:4      | Reached XP level 7. HP: 57/57 MP: 6/6
  3818 | D:4      | Found a shadowy altar of Dithmenos.
  4012 | D:4      | Found a snail-covered altar of Cheibriados.
  4058 | D:4      | Noticed Blork the orc
  4071 | D:4      | Killed Blork the orc
  4072 | D:4      | Reached skill level 10 in Long Blades
  4148 | D:4      | Reached *** piety under Trog
  4254 | D:4      | Found a glowing drain.
  4258 | Sewer    | Entered a sewer
  4561 | Sewer    | Reached skill level 1 in Evocations
  5084 | D:4      | Found a runed translucent door.
  5085 | D:4      | Noticed Crazy Yiuf
  5094 | D:4      | Killed Crazy Yiuf
  5438 | D:5      | Entered Level 5 of the Dungeon
  5560 | D:5      | Found a transporter.
  5564 | D:5      | Noticed Pikel
  5577 | D:5      | Killed Pikel
  5578 | D:5      | Reached skill level 5 in Fighting
  5578 | D:5      | Reached skill level 5 in Armour
  5578 | D:5      | Reached XP level 8. HP: 68/68 MP: 7/7
  5624 | D:5      | Found a transporter.
  5756 | D:5      | Found a broken altar of Ashenzari.
  6366 | D:5      | Found a glowing golden altar of the Shining One.
  7414 | D:6      | Noticed a troll
  7418 | D:6      | Reached XP level 9. HP: 78/78 MP: 8/8
  7421 | D:6      | Killed a troll
  8431 | D:6      | Found Maporiof's Assorted Antiques.
  8435 | D:6      | Bought a pair of polished boots for 247 gold pieces
  8435 | D:6      | Identified the +2 pair of boots of Wofis {Fly} (You bought
                  | it in a shop on level 6 of the Dungeon)
  8522 | D:6      | Found a staircase to the Ecumenical Temple.
  8534 | Temple   | Entered the Ecumenical Temple
  8665 | D:7      | Reached skill level 5 in Evocations
  8701 | D:7      | Reached skill level 10 in Armour
  8713 | D:7      | HP: 2/81 [orc warrior (6)]
  9684 | D:7      | Reached XP level 10. HP: 86/88 MP: 9/9
 10254 | D:8      | Found Gozag's Platinum Reserve.
 10254 | D:8      | Found an opulent altar of Gozag.
 10303 | D:8      | Noticed Maurice
 10320 | D:8      | Killed Maurice
 10544 | D:8      | Identified the +5 dagger of Nimionuk {drain, Will++}
 10577 | D:8      | Noticed Maggie
 10602 | D:8      | Killed Maggie
 10846 | D:8      | Found a staircase to the Lair.
 10983 | D:8      | Identified the +4 mace "Hatoc" {pain, +Blink +Rage Str-4
                  | Int+4}
 10987 | D:8      | Reached skill level 11 in Long Blades
 11948 | D:9      | Found a staircase to the Orcish Mines.
 11969 | D:9      | Reached skill level 12 in Long Blades
 12728 | D:9      | Reached **** piety under Trog
 12731 | D:9      | Found an ancient bone altar of Kikubaaqudgha.
 12902 | D:10     | Entered Level 10 of the Dungeon
 12949 | D:10     | Reached skill level 13 in Long Blades
 12990 | D:10     | Reached XP level 11. HP: 93/95 MP: 10/10
 13140 | D:10     | Found a flagged portal.
 13143 | D:10     | Noticed a two-headed ogre
 13154 | D:10     | Killed a two-headed ogre
 13155 | D:10     | Reached skill level 14 in Long Blades
 13169 | Bailey   | Entered a bailey
 13265 | Bailey   | Found an iron altar of Okawaru.
 13265 | Bailey   | Noticed an orc high priest
 13284 | Bailey   | Noticed a sixfirhy
 13285 | Bailey   | Killed an orc high priest
 13289 | Bailey   | Found the +7 Kryia's mail coat {PotionHeal*2 rC+}
 13497 | Bailey   | Noticed an orc knight
 13511 | Bailey   | Killed an orc knight
 13655 | Bailey   | Noticed an orc knight
 13664 | Bailey   | Reached skill level 15 in Long Blades
 13674 | Bailey   | Killed an orc knight
 14460 | Bailey   | Acquired a +6 triple sword of draining
 14585 | D:10     | Found an iron altar of Okawaru.
 14590 | D:10     | Found a bloodstained altar of Trog.
 15060 | D:11     | Reached skill level 16 in Long Blades
 15096 | D:11     | Noticed a two-headed ogre
 15102 | D:11     | Killed a two-headed ogre
 15116 | D:11     | Noticed a two-headed ogre
 15124 | D:11     | Killed a two-headed ogre
 15192 | D:11     | Noticed a two-headed ogre
 15199 | D:11     | Killed a two-headed ogre
 15208 | D:11     | Reached XP level 12. HP: 103/103 MP: 11/11
 15277 | D:11     | Noticed a centaur warrior
 15284 | D:11     | Killed a centaur warrior
 15285 | D:11     | Reached skill level 17 in Long Blades
 15386 | D:11     | Noticed a two-headed ogre
 15391 | D:11     | Killed a two-headed ogre
 15688 | Lair:1   | Entered Level 1 of the Lair of Beasts
 15711 | Lair:1   | Noticed a four-headed hydra
 15728 | Lair:1   | Killed a six-headed hydra
 15995 | Lair:1   | Noticed an eight-headed hydra
 16010 | Lair:1   | Killed an eight-headed hydra
 16195 | Lair:1   | Reached skill level 18 in Long Blades
 16575 | Lair:1   | Reached ***** piety under Trog
 16980 | Lair:1   | Reached skill level 19 in Long Blades
 18480 | Lair:2   | Noticed a catoblepas
 18493 | Lair:2   | Killed a catoblepas
 18563 | Lair:2   | Found a staircase to the Swamp.
 18576 | Lair:2   | Reached XP level 13. HP: 80/108 MP: 12/12
 18702 | Lair:2   | Reached skill level 20 in Long Blades
 19200 | Lair:3   | Received a gift from Trog
 19835 | Lair:3   | You are sucked into a shaft and drop 1 floor!
 19854 | Lair:4   | Reached skill level 21 in Long Blades
 21037 | Lair:4   | Identified the +2 chain mail "Roweqo" {rF+ rC+ Int-2
                  | Stlth+}
 21500 | Lair:4   | Found a staircase to the Snake Pit.
 21931 | Lair:5   | Reached skill level 22 in Long Blades
 22184 | Lair:5   | Received a gift from Trog
 22445 | Lair:5   | Identified the amulet of Insomnia {Spirit Str+5}
 22634 | Lair:5   | You are sucked into a shaft and drop 1 floor!
 22634 | Lair:6   | Entered Level 6 of the Lair of Beasts
 22700 | Lair:6   | Paralysed by a hornet for 1 turns
 22701 | Lair:6   | Reached XP level 14. HP: 102/116 MP: 10/13
 23007 | Lair:6   | Reached skill level 23 in Long Blades
 23598 | Lair:6   | Found a broken altar of Ashenzari.
 23888 | Lair:6   | Found a staircase to the Slime Pits.
 23920 | Lair:6   | Found the ring of the Octopus King
 23923 | Lair:6   | Identified a ring of the Octopus King {rCorr AC+1 EV+1
                  | Str+1 Int+1 Dex+1}
 24636 | Lair:5   | Reached skill level 24 in Long Blades
 25158 | Orc:1    | Entered Level 1 of the Orcish Mines
 25413 | Orc:1    | You are sucked into a shaft and drop 1 floor!
 25413 | Orc:2    | Entered Level 2 of the Orcish Mines
 25657 | Orc:2    | Found a staircase to the Elven Halls.
 26121 | Orc:2    | Found Huyn's Magic Scroll Boutique.
 26286 | Orc:2    | Found an ancient bone altar of Kikubaaqudgha.
 26314 | Orc:2    | Reached skill level 10 in Fighting
 26319 | Orc:2    | Noticed Erolcha
 26321 | Orc:2    | Found a radiant altar of Vehumet.
 26331 | Orc:2    | Killed Erolcha
 26355 | Orc:2    | Found Yvuatt's Antique Weapon Shop.
 26412 | Orc:2    | Found Wuqeseca's Distillery.
 26435 | Orc:2    | Reached XP level 15. HP: 126/126 MP: 12/14
 26453 | Orc:2    | Found Duigikudo's Book Shop.
 26505 | Orc:2    | Bought a potion of curing for 39 gold pieces
 28181 | D:12     | Noticed Frances
 28192 | D:12     | Killed Frances
 29253 | D:13     | Noticed Jorgrun
 29267 | D:13     | Killed Jorgrun
 30674 | D:14     | Found a gate to the Vaults.
 30761 | D:14     | Found Xehiesm's Antique Weapon Shop.
 31163 | D:15     | Entered Level 15 of the Dungeon
 31289 | D:15     | Found a runed translucent door.
 31598 | D:15     | Reached XP level 16. HP: 140/140 MP: 15/15
 31599 | D:15     | Acquired the ring of Medad {rF+ Will+}
 31793 | D:15     | Cast into level 3 of the Abyss (a wizard)
 32030 | Abyss:3  | HP: 4/146 [starcursed mass/accursed screaming (5)]
 32032 | Abyss:3  | Killed from afar by a smoke demon

Illustrated notes

Levels and vault maps discovered:
D:1:      mainiacjoe_arrival_reflecting_pool, layout_basic, serial_bayou_pond_d,
          st_stairs_3, minmay_distorted
D:2:      layout_basic, basic_ecumenical_altar, grunt_ministairs_7
D:3:      layout_loops_ring, gammafunk_ghost_split, corexii_leaking_fountain,
          grunt_ministairs_1, minmay_goblin_kobold_house
D:4:      layout_cave_pools, mainiacjoe_overflow_cross_hatched, kennysheep_mini,
          gup_sewer_entry_spiral, uniq_crazy_yiuf_cottage, uniq_blork_the_orc,
          uniq_grinder
D:5:      gammafunk_wand_slinger, layout_loops_ring, tso_altar,
          overflow_temple_1_default, uniq_pikel
D:6:      layout_basic, temple_hall, serial_shops, nicolae_square_shop
D:7:      layout_basic
D:8:      layout_loops_ring, nicolae_gozag_zags_fifth_avenue,
          david_lair_shrubbed, uniq_maggie, uniq_maurice
D:9:      layout_basic, kennysheep_vampire_church, orc_0_dummy, st_stairs_14,
          kennysheep_boxes
D:10:     layout_basic, grunt_temple_overflow_bloody_war, enter_bailey_5,
          amcnicky_mini_pool_small
D:11:     layout_rooms
D:12:     layout_cave_pools, uniq_frances
D:13:     layout_loops_corners, uniq_jorgrun
D:14:     layout_stronghold, david_vaults_5, serial_column_ruins,
          column_ruins_grid_1, column_ruins_open_small,
          column_ruins_open_small_water, column_ruins_open_tiny,
          column_ruins_open_large, column_ruins_grid_1, chequers_mini_garden,
          serial_shops, nicolae_shop_behind_doors
D:15:     grunt_enter_depths_magical_seal, layout_stronghold, minmay_st_funbox
Temple:   zaba_magenta_temple
Lair:1:   layout_chaotic_city, minmay_lair_oklob_bushes
Lair:2:   layout_cave_pods, skrybe_swamp_entry_bodies
Lair:3:   wad_woods_minihive, layout_hall_layers, st_stairs_10,
          gammafunk_lair_bear_cave, lemuel_fruit_fields,
          infiniplex_staircase_pool
Lair:4:   layout_roguey, guppyfry_snake_entry_island, grunt_megastairs_3
Lair:5:   layout_regular_city, serial_bayou_shore_a, minmay_lair_oklob_chamber,
          grunt_megastairs_4
Lair:6:   gammafunk_lair_ancient_temple, layout_gridlike, slime_dummy,
          basic_altar
Orc:1:    layout_diamond_mine, rock_pile
Orc:2:    kennysheep_orc_mage_school, layout_diamond_mine
Abyss:3:  base: D:6, evilmike_abyss_exit_kraken,
          hangedman_abyss_rune_flesh_and_stone

Skill      XL: |  1  2  3  4  5  6  7  8  9 10 11 12 13 14 15 16 |
---------------+-------------------------------------------------+-----
Long Blades    | 4 5 6 8 9 10 13 16 19 22 24 | 24.0
Armour         | 5 7 10 11 13 | 13.5
Fighting       | 5 6 8 10 13 14 | 14.2
Evocations     | 2 3 5 6 8 |  8.9
Dodging        | |  2.1

Action                   |  1- 3 |  4- 6 |  7- 9 | 10-12 | 13-15 | 16-18 || total
-------------------------+-------+-------+-------+-------+-------+-------++-------
Melee: Falchion          |    19 |       |       |       |       |       ||    19
       Headbutt          |    16 |    11 |    56 |   116 |   225 |    24 ||   448
       Short sword       |    64 |    87 |   300 |    53 |       |       ||   504
       Dagger            |       |       |       |   370 |    35 |       ||   405
       Triple sword      |       |       |       |   157 |   728 |    78 ||   963
Invok: Berserk           |     4 |     5 |    11 |    19 |    13 |     2 ||    54
       Trog's Hand       |       |     1 |     6 |    12 |    13 |       ||    32
       Brothers in Arms  |       |       |       |       |     2 |       ||     2
Evoke: Wand              |       |     4 |    15 |    22 |     1 |       ||    42
  Use: Scroll            |       |       |     9 |    15 |     9 |     2 ||    35
       Potion            |       |       |     2 |     4 |     2 |     2 ||    10
 Stab: Sleeping          |     1 |       |       |       |       |       ||     1
       Paralysed         |       |       |       |     8 |       |       ||     8
       Distracted        |       |       |       |     1 |     1 |       ||     2
Armor: Animal skin       |     1 |       |       |       |       |       ||     1
       Robe              |     4 |     7 |       |       |       |       ||    11
       Leather armour    |       |       |    23 |       |       |       ||    23
       Ring mail         |       |       |    28 |       |       |       ||    28
       Plate armour      |       |       |    15 |   390 |   577 |    35 ||  1017
Dodge: Dodged            |    45 |    54 |   122 |   202 |   312 |    35 ||   770
       Rpst.: Falchion   |     2 |       |       |       |       |       ||     2
       Triple sword      |       |       |       |    10 |    70 |     9 ||    89
